 Dungeon Crawl Stone Soup version 0.28-a0-863-g8cecda6153 (webtiles) character file.

Game seed: 10360612295415787220

14827 sanka the Severer (level 11, -3/88 HPs)
             Began as a Palentonga Abyssal Knight on Nov 16, 2021.
             Was an Elder of Lugonu.
             Slain by a reaper (7 damage)
             ... in a Gauntlet.
             The game lasted 00:28:37 (16956 turns).

sanka the Severer (Palentonga Abyssal Knight)      Turns: 16956, Time: 00:28:38

Health: -3/88      AC: 18    Str: 18    XL:     11   Next: 93%
Magic:  11/18      EV: 14    Int: 13    God:    Lugonu [****..]
Gold:   657        SH:  0    Dex: 13    Spells: 10/10 levels left

rFire   . . .      SeeInvis +   a - +1 war axe (elec)
rCold   . . .      Faith    .   (no shield)
rNeg    . . .      Spirit   .   G - +0 steam dragon scales
rPois   .          Reflect  .   t - +2 helmet {Int+3}
rElec   .          Harm     .   d - +0 cloak
rCorr   .          Rampage  .   c - +0 pair of gloves
Will    .....      NoTele   +   (no barding)
Stlth   +.........              (no amulet)
HPRegen 0.24/turn               (no ring)
MPRegen 0.16/turn               z - +4 ring of evasion

@: curled up
A: large, rugged brown scales 3, see invisible, deformed body, roll 1, armoured
tail, reflexive curl
a: Rolling Charge, Renounce Religion, Depart the Abyss, Bend Space, Banish,
Corrupt


You were in a Gauntlet.
You worshipped Lugonu.
Lugonu was greatly pleased with you.
You visited 2 branches of the dungeon, and saw 12 of its levels.
You visited the Abyss 1 time.
You also visited: Gauntlet.

You collected 657 gold pieces.


Innate Abilities, Weirdness & Mutations

You are completely covered in rugged brown scales. (AC +3, +7% HP)
You have supernaturally acute eyesight. (SInv)
Armour fits poorly on your strangely shaped body.
You can roll at nearby foes to attack.
You have a long armoured tail.
You curl defensively after being hit. (AC +7*)


   Skills:
 - Level 6.6 Fighting
 - Level 16.0 Axes
 - Level 1.5 Armour
 - Level 2.3 Dodging
 + Level 10.0 Invocations


You had 10 spell levels left.
You didn't know any spells.
Your spell library contained the following spells:

 Spells                   Type           Power      Damage    Failure   Level
 Freeze                   Ice            0%         1d3       30%         1
 Magic Dart               Conj           0%         1d3       30%         1
 Summon Small Mammal      Summ           0%         N/A       30%         1
 Call Imp                 Summ           0%         N/A       43%         2
 Ensorcelled Hibernation  Hex/Ice        0%         N/A       43%         2
 Passwall                 Tmut/Erth      0%         N/A       43%         2
 Call Canine Familiar     Summ           0%         N/A       67%         3
 Conjure Flame            Conj/Fire      0%         6-21      67%         3
 Dazzling Flash           Conj/Hex       0%         N/A       67%         3
 Frozen Ramparts          Ice            0%         1d2       67%         3
 Ignite Poison            Fire/Tmut/Pois 0%         N/A       67%         3
 Mephitic Cloud           Conj/Pois/Air  0%         N/A       67%         3
 Spider Form              Tmut/Pois      0%         N/A       67%         3
 Summon Guardian Golem    Hex/Summ       0%         N/A       67%         3
 Swiftness                Air            0%         N/A       67%         3
 Tukima's Dance           Hex            0%         N/A       67%         3
 Hailstorm                Conj/Ice       0%         3d3       97%         4
 Iskenderun's Mystic Bla  Conj/Tloc      0%         2d3       97%         4
 Passage of Golubria      Tloc           0%         N/A       97%         4
 Sticky Flame             Conj/Fire      0%         2d3       97%         4
 Alistair's Intoxication  Tmut/Pois      0%         N/A       100%        5
 Borgnjor's Vile Clutch   Necr/Erth      0%         N/A       100%        5
 Freezing Cloud           Conj/Ice/Air   0%         6-21      100%        5
 Summon Forest            Summ/Tloc      0%         N/A       100%        5
 Summon Mana Viper        Hex/Summ       0%         N/A       100%        5
 Yara's Violent Unravell  Hex/Tmut       0%         3d3       100%        5
 Eringya's Noxious Bog    Tmut/Pois      0%         N/A       100%        6
 Starburst                Conj/Fire      0%         6d3       100%        6
 Summon Cactus Giant      Summ           0%         N/A       100%        6

Inventory:

Hand Weapons
 a - a +1 war axe of electrocution (weapon)
 v - a +2 trident of protection
 B - the +6 spear of Reason {pain, rF+ Str+2 Int+4} In the hands of one skilled in necromantic magic, it inflicts extra damage on living creatures. Str: It affects your strength (+2). Int: It affects your intelligence (+4). rF: It protects you from fire.
 J - a +0 war axe of venom
Missiles
 i - 3 javelins
 q - 48 poisoned darts
 x - 8 curare-tipped darts (quivered) {=f}
 y - a throwing net {=f}
Armour
 c - a +0 pair of gloves (worn)
 d - a +0 cloak (worn)
 t - a +2 helmet of intelligence (worn)
 G - +0 steam dragon scales (worn)
Magical Staves
 b - a staff of air
Jewellery
 z - a +4 ring of evasion (right hand)
Wands
 C - a wand of flame (13)
 I - a wand of acid (2)
Scrolls
 e - a scroll of immolation {!r}
 f - 2 scrolls of fog
 j - a scroll of teleportation {@r4}
 m - 6 scrolls of blinking
 r - a scroll of summoning
 s - a scroll of enchant armour
 u - 2 scrolls of noise {!r}
 A - a scroll of identify {@r1}
 D - 3 scrolls of enchant weapon
Potions
 g - a potion of brilliance {unknown}
 h - a potion of cancellation {unknown}
 k - 2 potions of heal wounds {@q2}
 l - 2 potions of mutation {unknown}
 n - 2 potions of lignification {unknown}
 o - 3 potions of might {unknown}
 p - 2 potions of berserk rage {unknown}
 w - a potion of ambrosia {unknown}
 E - 3 potions of flight {unknown}
Miscellaneous
 H - a phial of floods

Dungeon Overview and Level Annotations

Branches:
Dungeon (11/15)            Temple (0/1) D:4            Lair (1/6) D:10
Gauntlet (1/1)
    Orc: D:9-12

Altars:
Ashenzari
Hepliaklqana
Kikubaaqudgha
Okawaru
Qazlal
Ru
Trog
Uskayaw
Xom
Yredelemnul
Zin
The Shining One

Annotations:
Abyss:1 Harold, Joseph Gauntlet 12 transporters, 21 runed translucent doors, corrupted

▒.▒▒.▒▒©▒©8©▒©.▒...+.©▒.8.▒▒
▒p..▒.▒▒▒...▒..+..▒+.[▒...≈▒
▒..▒▒.Y▒▒▒.▒▒++▒..▒▒.!▒...▒▒
▒.▒▒....▒...▒.▒..55.Y.▒...#▒
▒▒▒▒▒▒▒▒▒.3.▒...2XYYY.▒...▒▒
............▒▒.▒▒▒▒▒▒▒....≈▒
....8...▒..▒..Onx.p..h....▒▒ ▒▒
.........v..5.X5xn.F...8.▒▒ ▒.▒
▒▒▒▒▒▒▒▒▒▒....▒uH▒.......≈▒▒..▒
t........▒..5▒2▒▒▒▒▒▒▒...▒▒...▒
.▒▒...▒▒.▒..3▒▒5▒4X.▒▒...▒....▒
..▒▒.▒▒..▒▒▒▒.b▒.▒l.l▒...▒.8©.▒
...▒.▒.."▒...▒▒3..▒!▒▒...▒....▒.
....©▒..©▒h▒©▒.▒.▒.▒x..8.▒.8©...
...▒.▒..?...X▒..▒©▒£▒▒...▒....▒.
..▒▒.▒▒.|.▒▒▒▒.▒.▒.▒[▒...▒.8©.▒
.▒▒...▒▒.▒...▒▒.▒.▒.▒▒...▒....▒


You could see 4 death yaks, a reaper, a hellwing, a neutral cyan very ugly thing
(summoned), a neutral ironbound thunderhulk (summoned, wandering), a neutral
lorocyproca (summoned, invisible), a neutral death drake (summoned), a neutral
spatial maelstrom (summoned), a neutral hell hog (summoned), a neutral vault
sentinel (summoned), 3 neutral large abominations, a neutral goliath frog
(summoned), 2 neutral worldbinders, 2 neutral bog bodies, a neutral raiju
(summoned, wandering), a neutral neqoxec (summoned), 2 neutral ynoxinuls, a
neutral small abomination (summoned), a neutral fire bat (summoned), a neutral
iron imp (summoned), a neutral crimson imp (summoned), 3 neutral white imps and
a neutral ufetubus (summoned).


Message History

Okay, then.
Use which ability? (? or * to list) Lugonu's Hand of Corruption reaches out!
You can no longer gate yourself to the Abyss.
The death yak gores the large abomination!!
The death yak gores the large abomination!!
Unknown command.
Unknown command.
The death yak bellows!
The death yak gores the large abomination!
The large abomination is destroyed!
The reaper hits you from afar with a +4 scythe of flaming!!!
The reaper burns you!
* * * LOW HITPOINT WARNING * * *
The worldbinder calls forth creatures from the Vaults!
The worldbinder calls forth creatures from the Swamp!
Unknown command.
The bog body refuses to make way for you. (Use ctrl+direction or * direction to attack.) Unknown command.
Unknown command.
The worldbinder closely misses you. The worldbinder hits you.
* * * LOW HITPOINT WARNING * * *
Something closely misses the hellwing.
The iron imp hits you.
* * * LOW HITPOINT WARNING * * *
The reaper hits you from afar with a +4 scythe of flaming!!
* * * LOW HITPOINT WARNING * * *
The reaper burns you!
You die...

Action                   |  1- 3 |  4- 6 |  7- 9 | 10-12 || total
-------------------------+-------+-------+-------+-------++-------
Melee: Hand axe          |    99 |   162 |       |       ||   261
       Tailslap          |    10 |    25 |    38 |    40 ||   113
       War axe           |       |    29 |   247 |   341 ||   617
Throw: Dart              |       |     2 |     7 |     3 ||    12
Invok: Banish            |       |       |     1 |     7 ||     8
       Corrupt           |       |       |       |     1 ||     1
 Abil: Rolling Charge    |       |       |       |     5 ||     5
  Use: Potion            |       |     1 |     2 |     2 ||     5
       Scroll            |       |       |     4 |     9 ||    13
 Stab: Sleeping          |       |       |       |     1 ||     1
Armor: Leather armour    |    63 |    86 |   110 |    48 ||   307
       Steam dragon scal |       |       |       |    65 ||    65
Dodge: Dodged            |    52 |   119 |   124 |   200 ||   495

Levels and vault maps discovered:
D:1:      amcnicky_arrival_choice, layout_loops_corners,
          hellmonk_ecumenical_altar_leap_of_faith, nicolae_figureground_sparkle
D:2:      layout_rooms, basic_altar, minmay_cut_off
D:3:      layout_basic, dancing_weapons_uskayaw,
          gammafunk_temple_overflow_forgotten, uniq_robin
D:4:      layout_cave_pools, minmay_temple_entry_mist, minmay_puff,
          uniq_sigmund, uniq_crazy_yiuf_cottage, uniq_menkaure
D:5:      layout_loops_ring, kennysheep_little_box, lemuel_crystal_altar,
          minitemple
D:6:      layout_basic, tgw_kikubaaqudgha, nicolae_water_bricks
D:7:      layout_rooms
D:8:      layout_basic, mainiacjoe_overflow_boulevard, zin_academy,
          uniq_gastronok, uniq_joseph, uniq_harold
D:9:      layout_stronghold, lemuel_doored_altar
D:10:     layout_loops_ring, erik_lair_dragon
D:11:     layout_roguey, minivault_4
Lair:1:   beast_lair_carwin_large_4, layout_small_grid, gauntlet_entry_generic,
          wad_woods_03, lemuel_fruit_fields
Gauntlet: minmay_gauntlet_mixed_oops_all_seconds
          [minmay_gauntlet_arena_77_braids, gammafunk_gauntlet_arena_split_x,
          minmay_gauntlet_arena_77_fan, gammafunk_gauntlet_arena_chambers,
          minmay_gauntlet_arena_77_checkered,
          minmay_gauntlet_arena_make_your_own_arena,
          dreamdust_gauntlet_exit_labyrinth]

Notes
Turn   | Place    | Note
-------+----------+-------------------------------------------
     0 | Abyss:1  | sanka the Palentonga Abyssal Knight began the quest for the
                  | Orb.
     0 | Abyss:1  | Reached XP level 1. HP: 19/19 MP: 2/2
    81 | Abyss:1  | Found a corrupted altar of Lugonu.
   111 | D:1      | Escaped the Abyss
   325 | D:1      | Found a faded altar of an unknown god.
   494 | D:1      | Reached XP level 2. HP: 25/25 MP: 3/3
   687 | D:1      | Reached skill level 3 in Axes
  1451 | D:2      | Found a hazy altar of Hepliaklqana.
  1461 | D:2      | Reached XP level 3. HP: 19/31 MP: 4/4
  1617 | D:2      | Reached ** piety under Lugonu
  1812 | D:2      | Reached skill level 4 in Axes
  2246 | D:2      | Reached XP level 4. HP: 36/37 MP: 5/5
  2510 | D:3      | Noticed a +3 hand axe
  2510 | D:3      | Noticed a +0 hand axe
  2514 | D:3      | Found a hide-covered altar of Uskayaw.
  2626 | D:3      | HP: 3/37 [orc (2)]
  2883 | D:2      | Reached skill level 5 in Axes
  3153 | D:3      | Reached XP level 5. HP: 38/43 MP: 6/6
  3458 | D:3      | Reached *** piety under Lugonu
  3581 | D:3      | Noticed Robin
  3607 | D:3      | Killed Robin
  3813 | D:3      | Found a bloodstained altar of Trog.
  3813 | D:3      | Found a stormy altar of Qazlal.
  3813 | D:3      | Found a shimmering altar of Xom.
  4137 | D:4      | Noticed Sigmund
  4154 | D:4      | Killed Sigmund
  4155 | D:4      | Reached skill level 6 in Axes
  4155 | D:4      | Reached skill level 3 in Invocations
  4155 | D:4      | Reached XP level 6. HP: 46/50 MP: 5/8
  4186 | D:4      | Reached skill level 4 in Invocations
  4208 | D:4      | Noticed Menkaure
  5089 | D:4      | Reached skill level 5 in Invocations
  5467 | D:3      | Reached skill level 6 in Invocations
  5467 | D:3      | Gained mutation: You curl defensively after being hit. (AC
                  | +7*) [Palentonga growth]
  5467 | D:3      | Reached XP level 7. HP: 49/55 MP: 11/11
  5546 | D:4      | Found a staircase to the Ecumenical Temple.
  5558 | D:4      | Reached **** piety under Lugonu
  5621 | D:4      | Found a runed translucent door.
  5622 | D:4      | Noticed Crazy Yiuf
  5631 | D:4      | Killed Crazy Yiuf
  6092 | D:4      | Killed Menkaure
  6093 | D:4      | Reached skill level 7 in Invocations
  6139 | D:4      | HP: 3/55 [sky beast (5)]
  6142 | D:4      | HP: 1/55 [sky beast (6)]
  6429 | D:4      | Reached skill level 8 in Invocations
  6628 | D:4      | Reached XP level 8. HP: 62/62 MP: 14/14
  6999 | D:5      | Entered Level 5 of the Dungeon
  7295 | D:5      | Found a hazy altar of Hepliaklqana.
  7438 | D:5      | Reached skill level 4 in Fighting
  7865 | D:5      | Found a basalt altar of Yredelemnul.
  7967 | D:5      | Reached skill level 7 in Axes
  8000 | D:5      | Found a glowing golden altar of the Shining One.
  8003 | D:5      | Found a sacrificial altar of Ru.
  8177 | D:6      | Reached skill level 5 in Fighting
  8701 | D:6      | Found an ancient bone altar of Kikubaaqudgha.
  8882 | D:6      | Reached skill level 6 in Fighting
  8882 | D:6      | Reached skill level 8 in Axes
  8999 | D:6      | Reached XP level 9. HP: 69/73 MP: 15/15
  9304 | D:7      | Reached ***** piety under Lugonu
  9614 | D:7      | Reached skill level 9 in Axes
  9663 | D:7      | Identified the +6 spear of Reason {pain, rF+ Str+2 Int+4}
  9730 | D:8      | Noticed Gastronok
  9931 | D:7      | Killed Gastronok
  9932 | D:7      | Reached skill level 11 in Axes
 10257 | D:8      | Noticed Harold
 10267 | D:8      | Banished Harold
 10268 | D:8      | Reached XP level 10. HP: 23/81 MP: 11/16
 10534 | D:8      | Found an iron altar of Okawaru.
 10554 | D:8      | Reached skill level 12 in Axes
 10950 | D:8      | Noticed a four-headed hydra
 10954 | D:8      | Banished a four-headed hydra
 11014 | D:8      | Found a glowing silver altar of Zin.
 11014 | D:8      | Noticed Joseph
 11036 | D:8      | HP: 1/81 [Joseph (19)]
 11037 | D:8      | Banished Joseph
 11480 | D:8      | Reached skill level 13 in Axes
 12012 | D:9      | Reached skill level 9 in Invocations
 12735 | D:9      | Found a broken altar of Ashenzari.
 13340 | D:10     | Entered Level 10 of the Dungeon
 13395 | D:10     | Reached skill level 10 in Invocations
 14002 | D:10     | Reached XP level 11. HP: 78/86 MP: 18/18
 14184 | D:10     | Identified +0 steam dragon scales
 14398 | D:10     | Found a staircase to the Lair.
 14422 | D:10     | Reached skill level 14 in Axes
 15123 | D:11     | Noticed a centaur warrior
 15131 | D:11     | Killed a centaur warrior
 15579 | D:11     | Reached skill level 15 in Axes
 15617 | D:11     | Noticed a two-headed ogre
 15620 | D:11     | Killed a two-headed ogre
 16347 | Lair:1   | Entered Level 1 of the Lair of Beasts
 16425 | D:10     | HP: 8/86 [poisoned by a water moccasin]
 16426 | D:10     | Reached skill level 16 in Axes
 16433 | Lair:1   | Reached skill level 1 in Dodging
 16464 | Lair:1   | Identified the +1 robe "Ozeratzoi" {rElec}
 16501 | Lair:1   | Reached skill level 2 in Dodging
 16587 | Lair:1   | Found a gate leading to a gauntlet.
 16592 | Gauntlet | Entered a Gauntlet
 16592 | Gauntlet | Found a transporter.
 16615 | Gauntlet | Noticed a hell hog
 16806 | Gauntlet | Found a transporter.
 16806 | Gauntlet | Noticed a death yak
 16806 | Gauntlet | Noticed a death yak
 16807 | Gauntlet | Noticed a death yak
 16808 | Gauntlet | Noticed a necromancer
 16818 | Gauntlet | Found a transporter.
 16822 | Gauntlet | Found a transporter.
 16824 | Gauntlet | Found a large runed translucent door.
 16824 | Gauntlet | Found a large runed translucent door.
 16825 | Gauntlet | Found a large runed translucent door.
 16825 | Gauntlet | Found a large runed translucent door.
 16826 | Gauntlet | Found a large runed translucent door.
 16826 | Gauntlet | Found a large runed translucent door.
 16826 | Gauntlet | Found a runed translucent door.
 16826 | Gauntlet | Found a runed translucent door.
 16827 | Gauntlet | Found a large runed translucent door.
 16828 | Gauntlet | Found a large runed translucent door.
 16829 | Gauntlet | Found a large runed translucent door.
 16829 | Gauntlet | Found a large runed translucent door.
 16830 | Gauntlet | Found a runed translucent gate.
 16830 | Gauntlet | Noticed a necromancer
 16831 | Gauntlet | Noticed a death yak
 16831 | Gauntlet | Noticed a death yak
 16832 | Gauntlet | Noticed a death yak
 16835 | Gauntlet | Noticed a death yak
 16839 | Gauntlet | Found a transporter.
 16839 | Gauntlet | Found a runed translucent gate.
 16840 | Gauntlet | Found a runed translucent gate.
 16841 | Gauntlet | Found a large runed translucent door.
 16841 | Gauntlet | Found a large runed translucent door.
 16842 | Gauntlet | Found a large runed translucent door.
 16843 | Gauntlet | Found a large runed translucent door.
 16850 | Gauntlet | Noticed a reaper
 16852 | Gauntlet | Found a transporter.
 16865 | Gauntlet | Found a transporter.
 16882 | Gauntlet | Found a transporter.
 16886 | Gauntlet | Found a transporter.
 16894 | Gauntlet | Found a transporter.
 16923 | Gauntlet | Found a transporter.
 16923 | Gauntlet | Found a transporter.
 16940 | Gauntlet | Found a large runed translucent door.
 16941 | Gauntlet | Found a large runed translucent door.
 16954 | Gauntlet | Corrupted Gauntlet
 16954 | Gauntlet | Noticed a tentacled starspawn
 16954 | Gauntlet | Noticed a lorocyproca
 16954 | Gauntlet | Noticed a death drake
 16954 | Gauntlet | Noticed a lorocyproca
 16955 | Gauntlet | Noticed a spatial maelstrom
 16955 | Gauntlet | Noticed a hell hog
 16956 | Gauntlet | Noticed an ironbound thunderhulk
 16956 | Gauntlet | Noticed a cyan very ugly thing
 16956 | Gauntlet | Noticed a goliath frog
 16956 | Gauntlet | Noticed a bog body
 16956 | Gauntlet | Noticed a bog body
 16956 | Gauntlet | HP: 4/88 [reaper (23)]
 16956 | Gauntlet | Slain by a reaper

Vanquished Creatures
  Gastronok (D:7)
  A centaur warrior (D:11)
  A two-headed ogre (D:11)
  A black mamba (Lair:1)
  A cane toad (Lair:1)
  A komodo dragon (D:10)
  2 trolls
  A polar bear (Lair:1)
  5 slime creatures (D:11)
  4 blink frogs (Lair:1)
  Sigmund (D:4)
  3 wyverns
  2 wraiths
  3 basilisks (D:10)
  11 yaks
  2 steam dragons
  Menkaure (D:4)
  4 water moccasins
  An orc warrior (D:10)
  3 ogres
  5 black bears
  2 sky beasts
  A necrophage (D:3)
  3 centaurs
  2 kobold brigands
  A wyvern zombie (D:6)
  A bullfrog (Lair:1)
  4 scorpions
  A gnoll sergeant (D:11)
  2 water moccasin zombies
  2 killer bees
  3 wights (D:8)
  An electric eel (D:11)
  4 centaur zombies
  3 jellies
  2 gnoll shamans
  Crazy Yiuf (D:4)
  8 hounds
  An orc priest (D:4)
  3 iguanas
  9 orc wizards
  2 killer bee zombies
  A hound zombie (D:5)
  A hound skeleton (D:5)
  A howler monkey zombie (D:3)
  Robin (D:3)
  13 gnolls
  3 adders
  A shadow imp (D:8)
  3 white imps
  2 ufetubi (D:3)
  An adder zombie (D:5)
  An adder skeleton (D:4)
  4 worms
  3 dart slugs
  31 orcs
  8 endoplasms
  4 giant cockroaches
  20 goblins
  5 hobgoblins
  4 jackals
  13 kobolds
  4 quokkas
  10 ball pythons
  10 bats
  3 frilled lizards
  11 rats
268 creatures vanquished.

Vanquished Creatures (others)
  A human (D:6)
  2 orcs (D:10)
  6 plants
9 creatures vanquished.

Grand Total: 277 creatures vanquished
